Oilers vs Flames
Created - March 18, 2025 at 19:35
Goals
|
| Oilers |
0 |
0 |
1 |
1 |
| Flames |
2 |
1 |
1 |
4 |
|
Shots
|
| Oilers |
7 |
9 |
15 |
31 |
| Flames |
15 |
12 |
6 |
33 |
|
1st period
1. Flames , Jimmy Hayes 24 (Patrik Berglund 22, Esa Lindell 24) at 1:55
2. Flames , Tanner Pearson 16 (Erik Johnson 28, Jimmy Hayes 41) at 8:34
Penalties :
Nikita Kucherov (Edm) for Tripping (Minor) at 2:14, Eric Staal (Cal) for Goalie Interference (Minor) at 12:00, Jake DeBrusk (Cal) for Interference (Minor) at 19:02
2nd period
3. Flames , David Ullstrom 5 (Anders Lee 5, Rasmus Andersson 5) at 10:21
Penalties :
No Penalty
3rd period
4. Oilers , Tyler Johnson 19 (Marcus Pettersson 25, Jamie McBain 26) at 5:46
5. Flames , Bryan Rust 20 (Esa Lindell 25) at 17:12
Penalties :
David Pastrnak (Edm) for Holding Stick (Minor) at 0:07, Leon Draisaitl (Edm) for Tripping (Minor) at 12:37
Goalie Stats
Alexandar Georgiev (Edm), 29 saves from 33 shots - (0.879), L, 24-16-6, 60:00 minutes
Christopher Gibson (Cal), 30 saves from 31 shots - (0.968), W, 27-18-2, 60:00 minutes
Players Stats for Oilers
Player Name G A P +/- PIM S H SB GA TA FO MP PP MP PK MP
------------------------------------------------------------------------------------
Andrew Mangiapane 0 0 0 -3 0 2 1 0 0 0 0/0 13:29 0:00 0:00
Anton Slepyshev 0 0 0 0 0 1 3 1 0 2 0/0 8:36 0:00 1:56
Brandon Montour 0 0 0 -2 0 1 2 1 0 1 0/0 25:10 0:00 3:34
Brent Burns 0 0 0 -2 0 0 2 0 0 1 0/0 14:03 1:52 0:00
Brett Lernout 0 0 0 -2 0 0 0 3 0 0 0/0 12:29 0:00 0:00
Christian Fischer 0 0 0 0 0 0 0 0 0 0 0/0 6:32 0:00 0:00
Connor McDavid 0 0 0 0 0 5 1 1 0 0 7/19 16:36 1:49 1:29
David Pastrnak 0 0 0 0 2 3 2 0 1 0 0/0 15:10 1:49 0:00
Frederik Gauthier 0 0 0 0 0 1 1 1 0 1 17/33 19:45 2:09 1:02
Jamie Benn 0 0 0 0 0 1 1 0 0 0 2/2 15:15 0:00 1:48
Jamie McBain 0 1 1 1 0 1 0 2 1 0 0/0 24:21 2:06 3:34
Jason Robertson 0 0 0 -3 0 2 1 0 1 0 2/2 15:15 1:49 0:00
Leon Draisaitl 0 0 0 0 2 3 3 0 0 1 2/3 21:01 2:09 2:13
Marco Scandella 0 0 0 -2 0 0 0 0 0 1 0/0 23:01 1:52 2:23
Marcus Pettersson 0 1 1 1 0 1 1 0 0 1 0/0 20:56 2:06 2:23
Nikita Kucherov 0 0 0 0 2 4 3 0 1 0 0/0 18:42 2:09 0:00
Noel Acciari 0 0 0 0 0 1 0 1 0 0 0/1 6:32 0:00 0:00
Tyler Johnson 1 0 1 -3 0 5 2 0 0 0 7/15 17:07 0:00 3:26
Players Stats for Flames
Player Name G A P +/- PIM S H SB GA TA FO MP PP MP PK MP
------------------------------------------------------------------------------------
Anders Lee 0 1 1 1 0 2 1 0 1 0 1/3 8:22 0:00 0:52
Bryan Rust 1 0 1 1 0 2 4 0 1 0 1/1 23:00 4:02 2:12
Christian Folin 0 0 0 1 0 0 1 2 0 1 0/0 17:37 0:00 1:14
Colby Robak 0 0 0 1 0 0 0 0 0 0 0/0 12:18 0:00 0:00
David Ullstrom 1 0 1 1 0 3 3 0 0 1 0/0 9:21 0:00 1:39
Eric Staal 0 0 0 1 2 2 2 1 0 0 23/43 21:33 4:02 0:47
Erik Johnson 0 1 1 1 0 0 2 0 0 0 0/0 28:39 4:25 2:44
Esa Lindell 0 2 2 1 0 2 0 4 1 1 0/0 19:03 1:32 1:14
Evgeny Svechnikov 0 0 0 1 0 1 1 0 0 0 0/0 7:49 0:00 0:00
Jake DeBrusk 0 0 0 1 2 6 1 1 1 0 0/0 20:55 4:02 0:07
Jimmy Hayes 1 1 2 1 0 4 2 0 0 0 0/0 14:39 1:55 0:00
Kevin Labanc 0 0 0 0 0 1 0 0 1 0 0/0 12:57 0:00 0:00
Matthew Nieto 0 0 0 0 0 0 2 0 0 0 0/0 12:45 0:00 0:00
Patrik Berglund 0 1 1 1 0 3 1 0 0 0 9/18 17:03 1:55 2:14
Rasmus Andersson 0 1 1 1 0 0 1 0 1 0 0/0 13:44 1:32 0:00
Sami Vatanen 0 0 0 1 0 3 1 1 2 0 0/0 28:39 4:25 2:44
Tanner Pearson 1 0 1 1 0 4 1 1 0 0 0/0 14:46 1:55 0:00
Victor Rask 0 0 0 0 0 0 0 1 0 1 4/10 12:50 0:00 0:05
3 Stars
1 - Christopher Gibson (Cal)
2 - Jimmy Hayes (Cal)
3 - Bryan Rust (Cal)
Power Play
Oilers - 0 on 2 Attempt(s) - 0.00%
Flames - 0 on 3 Attempt(s) - 0.00%
Penalty Kill
Oilers - 3 on 3 Attempt(s) - 100.00%
- Score 0 goal in Penalty Kill
Flames - 2 on 2 Attempt(s) - 100.00%
- Score 0 goal in Penalty Kill
Team Stat
Oilers - Hits : 23 - Faceoff Wins : 37 - Blocked Shots : 10 - Penalty Minutes : 6
Flames - Hits : 23 - Faceoff Wins : 38 - Blocked Shots : 11 - Penalty Minutes : 4
Official
Referees : TJ Luxmore and Corey Syvret
Linesman : David Brisebois and Jonny Murray
Game Notes
No Game Note
Finance
Level 1 -- Attendance: 5529 (92.15%) -- Ticket Income $552,900
Level 2 -- Attendance: 5000 (100.00%) -- Ticket Income $350,000
Level 3 -- Attendance: 2000 (100.00%) -- Ticket Income $80,000
Level 4 -- Attendance: 4000 (100.00%) -- Ticket Income $120,000
Luxury Box -- Attendance: 934 (93.40%) -- Ticket Income $186,800
Game was played at the Scotiabank Saddledome.
Total Attendance: 17463 (97.02%)
Total Ticket Income: $1,289,700
Other Income: $193,455
Total Income: $1,483,155
Oilers
5 vs 5 Forward
Center Left Wing Right Wing Time % Phy DF OF
1 Frederik Gauthier Leon Draisaitl Nikita Kucherov 35 1 2 2
2 Connor McDavid Jamie Benn David Pastrnak 30 1 2 2
3 Tyler Johnson Jason Robertson Andrew Mangiapane 25 1 2 2
4 Noel Acciari Anton Slepyshev Christian Fischer 10 1 2 2
5 vs 5 Defense
Defense Defense Time % Phy DF OF
1 Brandon Montour Marco Scandella 40 1 2 2
2 Jamie McBain Marcus Pettersson 30 1 2 2
3 Brent Burns Brett Lernout 20 1 2 2
4 Jamie McBain Brandon Montour 10 1 2 2
PowerPlay Forward
Center Left Wing Right Wing Time % Phy DF OF
1 Frederik Gauthier Leon Draisaitl Nikita Kucherov 60 1 2 2
2 Connor McDavid Jason Robertson David Pastrnak 40 1 2 2
PowerPlay Defense
Defense Defense Time % Phy DF OF
1 Jamie McBain Marcus Pettersson 60 1 2 2
2 Marco Scandella Brent Burns 40 1 2 2
Penalty Kill 4 Players Forward
Center Wing Time % Phy DF OF
1 Tyler Johnson Leon Draisaitl 60 1 4 0
2 Frederik Gauthier Jamie Benn 40 1 4 0
Penalty Kill 4 Players Defense
Defense Defense Time % Phy DF OF
1 Jamie McBain Brandon Montour 60 0 5 0
2 Marco Scandella Marcus Pettersson 40 0 5 0
Penalty Kill - 3 Players Forward
Forward Time % Phy DF OF
1 Connor McDavid 60 0 5 0
2 Tyler Johnson 40 0 5 0
Penalty Kill - 3 Players Defense
Defense Defense Time % Phy DF OF
1 Jamie McBain Brandon Montour 60 0 5 0
2 Marco Scandella Marcus Pettersson 40 0 5 0
4 vs 4 Forward
Center Wing Time % Phy DF OF
1 Connor McDavid Leon Draisaitl 60 1 2 2
2 Tyler Johnson Jamie Benn 40 1 2 2
4 vs 4 Defense
Defense Defense Time % Phy DF OF
1 Jamie McBain Brandon Montour 60 1 2 2
2 Marco Scandella Marcus Pettersson 40 1 2 2
Last Minutes Offensive
Center Left Wing Right Wing Defense Defense
Connor McDavid Leon Draisaitl Nikita Kucherov Jamie McBain Brandon Montour
Last Minutes Defensive
Center Left Wing Right Wing Defense Defense
Connor McDavid Leon Draisaitl Nikita Kucherov Jamie McBain Brandon Montour
Goaltenders
Starting : Alexandar Georgiev
Backup : Jaroslav Halak
Extra Forwards
Normal : Leon Draisaitl, Frederik Gauthier, Jamie Benn - PP : Leon Draisaitl, Frederik Gauthier - PK : Leon Draisaitl
Extra Defensemen
Normal : Marcus Pettersson, Brent Burns, Brett Lernout - PP : Marcus Pettersson - PK : Marcus Pettersson, Brent Burns
Penalty Shots
Connor McDavid, Nikita Kucherov, David Pastrnak, Tyler Johnson, Leon Draisaitl
Custom OT Lines Forwards
Connor McDavid, Nikita Kucherov, David Pastrnak, Tyler Johnson, Leon Draisaitl, Frederik Gauthier, Jamie Benn, Noel Acciari, Anton Slepyshev, Andrew Mangiapane
Custom OT Lines Defensemen
Jamie McBain, Brandon Montour, Marco Scandella, Marcus Pettersson, Brent Burns
Scratches
Philippe Myers (Healthy)
Flames
5 vs 5 Forward
Center Left Wing Right Wing Time % Phy DF OF
1 Eric Staal Jake DeBrusk Bryan Rust 40 1 2 2
2 Patrik Berglund Tanner Pearson Jimmy Hayes 30 1 2 2
3 Victor Rask Matthew Nieto Kevin Labanc 20 1 2 2
4 Anders Lee David Ullstrom Evgeny Svechnikov 10 1 2 2
5 vs 5 Defense
Defense Defense Time % Phy DF OF
1 Sami Vatanen Erik Johnson 40 1 2 2
2 Esa Lindell Christian Folin 30 1 2 2
3 Colby Robak Rasmus Andersson 20 1 2 2
4 Sami Vatanen Erik Johnson 10 1 2 2
PowerPlay Forward
Center Left Wing Right Wing Time % Phy DF OF
1 Eric Staal Jake DeBrusk Bryan Rust 60 1 1 3
2 Patrik Berglund Tanner Pearson Jimmy Hayes 40 1 1 3
PowerPlay Defense
Defense Defense Time % Phy DF OF
1 Sami Vatanen Erik Johnson 60 1 1 3
2 Esa Lindell Rasmus Andersson 40 1 1 3
Penalty Kill 4 Players Forward
Center Wing Time % Phy DF OF
1 Patrik Berglund Bryan Rust 60 1 3 1
2 Eric Staal David Ullstrom 40 1 3 1
Penalty Kill 4 Players Defense
Defense Defense Time % Phy DF OF
1 Sami Vatanen Erik Johnson 60 1 3 1
2 Esa Lindell Christian Folin 40 1 3 1
Penalty Kill - 3 Players Forward
Forward Time % Phy DF OF
1 Patrik Berglund 60 1 2 2
2 Eric Staal 40 1 2 2
Penalty Kill - 3 Players Defense
Defense Defense Time % Phy DF OF
1 Sami Vatanen Erik Johnson 60 1 2 2
2 Esa Lindell Christian Folin 40 1 2 2
4 vs 4 Forward
Center Wing Time % Phy DF OF
1 Eric Staal Jake DeBrusk 60 1 2 2
2 Patrik Berglund Bryan Rust 40 1 2 2
4 vs 4 Defense
Defense Defense Time % Phy DF OF
1 Sami Vatanen Erik Johnson 60 1 2 2
2 Esa Lindell Christian Folin 40 1 2 2
Last Minutes Offensive
Center Left Wing Right Wing Defense Defense
Eric Staal Jake DeBrusk Bryan Rust Sami Vatanen Erik Johnson
Last Minutes Defensive
Center Left Wing Right Wing Defense Defense
Eric Staal Jake DeBrusk Bryan Rust Sami Vatanen Erik Johnson
Goaltenders
Starting : Christopher Gibson
Backup : Michael Hutchinson
Extra Forwards
Normal : Evgeny Svechnikov, Kevin Labanc, David Ullstrom - PP : Evgeny Svechnikov, Kevin Labanc - PK : Bryan Rust
Extra Defensemen
Normal : Erik Johnson, Rasmus Andersson, Esa Lindell - PP : Colby Robak - PK : Erik Johnson, Colby Robak
Penalty Shots
Eric Staal, Patrik Berglund, Bryan Rust, Jimmy Hayes, Jake DeBrusk
Custom OT Lines Forwards
Eric Staal, Patrik Berglund, Bryan Rust, Jimmy Hayes, Jake DeBrusk, Kevin Labanc, Tanner Pearson, Evgeny Svechnikov, David Ullstrom, Victor Rask
Custom OT Lines Defensemen
Sami Vatanen, Erik Johnson, Esa Lindell, Christian Folin, Colby Robak
Scratches
Brad Marchand (Left Ankle Injury), Kyle Palmieri (Healthy)
% Time on Ice - Oilers
Lines # - Real PCT - Wanted PCT - Time Play
Normal Forward
1 - 33% - 35% - 16:40
2 - 27% - 30% - 13:24
3 - 27% - 25% - 13:29
4 - 13% - 10% - 6:32
Normal Defense
1 - 40% - 40% - 20:06
2 - 31% - 30% - 15:41
3 - 24% - 20% - 12:01
4 - 5% - 10% - 2:17
PP Forward
1 - 54% - 60% - 2:09
2 - 46% - 40% - 1:49
PP Defense
1 - 53% - 60% - 2:06
2 - 47% - 40% - 1:52
PK Forward
1 - 83% - 60% - 4:55
2 - 17% - 40% - 1:02
PK Defense
1 - 60% - 60% - 3:34
2 - 40% - 40% - 2:23
PK3 Forward
1 - 0% - 60%
2 - 0% - 40%
PK3 Defense
1 - 0% - 60%
2 - 0% - 40%
44 Forward
1 - 0% - 60%
2 - 0% - 40%
44 Defense
1 - 0% - 60%
2 - 0% - 40%
Last Minute Offensive - 0:00
Last Minute Defensive - 0:00
Total
Forward - 60:00
Defense - 60:00
|
% Time on Ice - Flames
Lines # - Real PCT - Wanted PCT - Time Play
Normal Forward
1 - 34% - 40% - 16:47
2 - 26% - 30% - 13:03
3 - 25% - 20% - 12:45
4 - 15% - 10% - 7:30
Normal Defense
1 - 40% - 40% - 19:52
2 - 34% - 30% - 16:50
3 - 23% - 20% - 11:45
4 - 3% - 10% - 1:38
PP Forward
1 - 68% - 60% - 4:02
2 - 32% - 40% - 1:55
PP Defense
1 - 74% - 60% - 4:25
2 - 26% - 40% - 1:32
PK Forward
1 - 69% - 60% - 2:44
2 - 31% - 40% - 1:14
PK Defense
1 - 69% - 60% - 2:44
2 - 31% - 40% - 1:14
PK3 Forward
1 - 0% - 60%
2 - 0% - 40%
PK3 Defense
1 - 0% - 60%
2 - 0% - 40%
44 Forward
1 - 0% - 60%
2 - 0% - 40%
44 Defense
1 - 0% - 60%
2 - 0% - 40%
Last Minute Offensive - 0:00
Last Minute Defensive - 0:00
Total
Forward - 60:00
Defense - 60:00
|
Play-by-Play
1st period
0:01 of 1st period - Eric Staal wins face-off versus Frederik Gauthier in neutral zone.
0:05 of 1st period - Off-side.
0:06 of 1st period - Eric Staal wins face-off versus Frederik Gauthier in neutral zone.
0:19 of 1st period - Slapshot by Bryan Rust.
0:19 of 1st period - Shot Misses the Net.
0:21 of 1st period - Wrist shot by Sami Vatanen.
0:21 of 1st period - Stopped by Alexandar Georgiev with a rebound.
0:45 of 1st period - Snap shot by Connor McDavid.
0:45 of 1st period - Shot Misses the Net.
0:47 of 1st period - Snap shot by Connor McDavid.
0:47 of 1st period - Deflect By Jamie Benn.
0:47 of 1st period - Shot Misses the Net.
0:47 of 1st period - Puck is out of play.
0:48 of 1st period - Tyler Johnson wins face-off versus Victor Rask in Flames zone.
0:51 of 1st period - Wrist shot by Tyler Johnson.
0:51 of 1st period - Stopped by Christopher Gibson without a rebound.
0:52 of 1st period - Victor Rask wins face-off versus Tyler Johnson in Flames zone.
1:05 of 1st period - Snap shot by Jason Robertson.
1:05 of 1st period - Stopped by Christopher Gibson without a rebound.
1:06 of 1st period - Anders Lee wins face-off versus Noel Acciari in Flames zone.
1:13 of 1st period - Wrist shot by Anders Lee.
1:13 of 1st period - Shot Blocked by Anton Slepyshev.
1:19 of 1st period - Slapshot by Anders Lee.
1:19 of 1st period - Stopped by Alexandar Georgiev without a rebound.
1:20 of 1st period - Eric Staal wins face-off versus Connor McDavid in Oilers zone.
1:47 of 1st period - Wrist shot by Jason Robertson.
1:47 of 1st period - Stopped by Christopher Gibson without a rebound.
1:48 of 1st period - Patrik Berglund wins face-off versus Tyler Johnson in Flames zone.
1:55 of 1st period - Snap shot by Jimmy Hayes.
1:55 of 1st period - Goal by Jimmy Hayes - Oilers : 0 - Flames : 1.
1:56 of 1st period - Victor Rask wins face-off versus Leon Draisaitl in neutral zone.
2:05 of 1st period - Slapshot by Kevin Labanc.
2:05 of 1st period - Shot Misses the Net.
2:14 of 1st period - Minor Penalty to Nikita Kucherov for Tripping.
2:15 of 1st period - Tyler Johnson wins face-off versus Eric Staal in Oilers zone.
2:20 of 1st period - Off-side.
2:21 of 1st period - Tyler Johnson wins face-off versus Eric Staal in neutral zone.
2:24 of 1st period - Bryan Rust is hit by Tyler Johnson and loses puck.
3:23 of 1st period - Marco Scandella is hit by Jake DeBrusk and loses puck.
4:02 of 1st period - Jamie McBain is hit by Bryan Rust and loses puck.
4:14 of 1st period - Penalty to Nikita Kucherov is over, Nikita Kucherov is back on ice.
4:27 of 1st period - Snap shot by Victor Rask.
4:27 of 1st period - Shot Misses the Net.
4:29 of 1st period - Snap shot by Esa Lindell.
4:29 of 1st period - Shot Blocked by Jamie McBain.
5:01 of 1st period - Brett Lernout is hit by Anders Lee and loses puck.
5:26 of 1st period - Patrik Berglund is hit by David Pastrnak and loses puck.
6:14 of 1st period - Marco Scandella is hit by Evgeny Svechnikov and loses puck.
6:29 of 1st period - Eric Staal is hit by Brent Burns and loses puck.
6:48 of 1st period - Wrist shot by Matthew Nieto.
6:48 of 1st period - Shot Hit the Post.
6:58 of 1st period - Erik Johnson is hit by Anton Slepyshev and loses puck.
7:05 of 1st period - Wrist shot by Christian Fischer.
7:05 of 1st period - Deflect By Sami Vatanen.
7:05 of 1st period - Shot Misses the Net.
7:05 of 1st period - Puck is out of play.
7:06 of 1st period - Eric Staal wins face-off versus Frederik Gauthier in Flames zone.
7:43 of 1st period - Snap shot by Connor McDavid.
7:43 of 1st period - Stopped by Christopher Gibson without a rebound.
7:44 of 1st period - Frederik Gauthier wins face-off versus Eric Staal in Flames zone.
8:10 of 1st period - Erik Johnson is hit by David Pastrnak and loses puck.
8:20 of 1st period - Icing by Patrik Berglund.
8:21 of 1st period - Jason Robertson wins face-off versus Patrik Berglund in Flames zone.
8:34 of 1st period - Snap shot by Tanner Pearson.
8:34 of 1st period - Goal by Tanner Pearson - Oilers : 0 - Flames : 2.
8:35 of 1st period - Eric Staal wins face-off versus Frederik Gauthier in neutral zone.
8:38 of 1st period - Snap shot by Sami Vatanen.
8:38 of 1st period - Stopped by Alexandar Georgiev with a rebound.
9:02 of 1st period - Jamie McBain is hit by Jimmy Hayes and loses puck.
9:25 of 1st period - Wrist shot by Jason Robertson.
9:25 of 1st period - Deflect By Tyler Johnson.
9:25 of 1st period - Shot Misses the Net.
9:25 of 1st period - Puck is out of play.
9:26 of 1st period - Victor Rask wins face-off versus Tyler Johnson in Flames zone.
9:26 of 1st period - Victor Rask is hit by Brandon Montour.
9:53 of 1st period - Wrist shot by Tyler Johnson.
9:53 of 1st period - Shot Misses the Net.
9:55 of 1st period - Slapshot by Andrew Mangiapane.
9:55 of 1st period - Stopped by Christopher Gibson without a rebound.
9:56 of 1st period - Eric Staal wins face-off versus Frederik Gauthier in Flames zone.
10:05 of 1st period - Wrist shot by Eric Staal.
10:05 of 1st period - Deflect By Jake DeBrusk.
10:05 of 1st period - Stopped by Alexandar Georgiev with a rebound.
10:07 of 1st period - Wrist shot by Bryan Rust.
10:07 of 1st period - Deflect By Frederik Gauthier.
10:07 of 1st period - Stopped by Alexandar Georgiev without a rebound.
10:08 of 1st period - Eric Staal wins face-off versus Frederik Gauthier in Oilers zone.
10:13 of 1st period - Snap shot by Bryan Rust.
10:13 of 1st period - Shot Misses the Net.
10:39 of 1st period - Sami Vatanen is hit by Jamie Benn and loses puck.
11:22 of 1st period - Wrist shot by Leon Draisaitl.
11:22 of 1st period - Shot Blocked by Esa Lindell.
11:26 of 1st period - Wrist shot by Leon Draisaitl.
11:26 of 1st period - Stopped by Christopher Gibson with a rebound.
11:28 of 1st period - Slapshot by Jamie McBain.
11:28 of 1st period - Shot Blocked by Victor Rask.
11:30 of 1st period - Wrist shot by Frederik Gauthier.
11:30 of 1st period - Deflect By Nikita Kucherov.
11:30 of 1st period - Shot Misses the Net.
11:30 of 1st period - Puck is out of play.
11:31 of 1st period - Eric Staal wins face-off versus Connor McDavid in Flames zone.
11:31 of 1st period - Eric Staal is hit by Connor McDavid.
12:00 of 1st period - Minor Penalty to Eric Staal for Goalie Interference.
12:01 of 1st period - Frederik Gauthier wins face-off versus Patrik Berglund in Flames zone.
12:30 of 1st period - David Pastrnak is hit by Patrik Berglund and loses puck.
14:00 of 1st period - Penalty to Eric Staal is over, Eric Staal is back on ice.
14:26 of 1st period - Rasmus Andersson is hit by Jason Robertson and loses puck.
15:01 of 1st period - Slapshot by Patrik Berglund.
15:01 of 1st period - Stopped by Alexandar Georgiev without a rebound.
15:02 of 1st period - Tyler Johnson wins face-off versus Patrik Berglund in Oilers zone.
15:07 of 1st period - Slapshot by Jamie McBain.
15:07 of 1st period - Shot Misses the Net.
15:09 of 1st period - Slapshot by Marcus Pettersson.
15:09 of 1st period - Shot Misses the Net.
15:28 of 1st period - Anders Lee is hit by Leon Draisaitl.
15:32 of 1st period - Erik Johnson is hit by Leon Draisaitl and loses puck.
16:09 of 1st period - Off-side.
16:10 of 1st period - Patrik Berglund wins face-off versus Connor McDavid in neutral zone.
16:20 of 1st period - Icing by Marcus Pettersson.
16:21 of 1st period - Eric Staal wins face-off versus Connor McDavid in Oilers zone.
16:22 of 1st period - Snap shot by Jake DeBrusk.
16:22 of 1st period - Stopped by Alexandar Georgiev without a rebound.
16:23 of 1st period - Connor McDavid wins face-off versus Eric Staal in Oilers zone.
16:23 of 1st period - Connor McDavid is hit by Christian Folin.
16:29 of 1st period - Jake DeBrusk is hit by Marcus Pettersson and loses puck.
16:34 of 1st period - Snap shot by Connor McDavid.
16:34 of 1st period - Shot Blocked by Esa Lindell.
16:36 of 1st period - Snap shot by Connor McDavid.
16:36 of 1st period - Shot Misses the Net.
16:38 of 1st period - Wrist shot by David Pastrnak.
16:38 of 1st period - Stopped by Christopher Gibson with a rebound.
17:00 of 1st period - Snap shot by Jimmy Hayes.
17:00 of 1st period - Stopped by Alexandar Georgiev with a rebound.
17:02 of 1st period - Slapshot by Tanner Pearson.
17:02 of 1st period - Stopped by Alexandar Georgiev without a rebound.
17:03 of 1st period - Frederik Gauthier wins face-off versus Victor Rask in Oilers zone.
17:08 of 1st period - Erik Johnson is hit by Nikita Kucherov and loses puck.
17:36 of 1st period - Off-side.
17:37 of 1st period - Eric Staal wins face-off versus Frederik Gauthier in neutral zone.
17:50 of 1st period - Wrist shot by Jake DeBrusk.
17:50 of 1st period - Stopped by Alexandar Georgiev with a rebound.
18:16 of 1st period - Snap shot by Tanner Pearson.
18:16 of 1st period - Stopped by Alexandar Georgiev with a rebound.
18:49 of 1st period - Brent Burns is hit by David Ullstrom.
18:55 of 1st period - Snap shot by Anders Lee.
18:55 of 1st period - Stopped by Alexandar Georgiev without a rebound.
18:56 of 1st period - Frederik Gauthier wins face-off versus Eric Staal in Oilers zone.
19:02 of 1st period - Minor Penalty to Jake DeBrusk for Interference.
19:03 of 1st period - Frederik Gauthier wins face-off versus Patrik Berglund in Flames zone.
19:45 of 1st period - Snap shot by Eric Staal.
19:45 of 1st period - Deflect By David Ullstrom.
19:45 of 1st period - Stopped by Alexandar Georgiev with a rebound.
Goals for this period are 0 for Oilers vs 2 for Flames.
Shots for this period are 7 for Oilers vs 15 for Flames.
2nd period
0:01 of 2nd period - Patrik Berglund wins face-off versus Frederik Gauthier in neutral zone.
0:26 of 2nd period - Jason Robertson is hit by David Ullstrom and loses puck.
1:02 of 2nd period - Penalty to Jake DeBrusk is over, Jake DeBrusk is back on ice.
1:17 of 2nd period - Wrist shot by Christian Fischer.
1:17 of 2nd period - Shot Misses the Net.
1:19 of 2nd period - Snap shot by Christian Fischer.
1:19 of 2nd period - Shot Misses the Net.
1:31 of 2nd period - Slapshot by Sami Vatanen.
1:31 of 2nd period - Stopped by Alexandar Georgiev without a rebound.
1:32 of 2nd period - Tyler Johnson wins face-off versus Patrik Berglund in Oilers zone.
2:03 of 2nd period - Snap shot by Jimmy Hayes.
2:03 of 2nd period - Stopped by Alexandar Georgiev with a rebound.
2:07 of 2nd period - Wrist shot by Tanner Pearson.
2:07 of 2nd period - Shot Misses the Net.
2:19 of 2nd period - Snap shot by Tanner Pearson.
2:19 of 2nd period - Stopped by Alexandar Georgiev without a rebound.
2:20 of 2nd period - Frederik Gauthier wins face-off versus Eric Staal in Oilers zone.
2:31 of 2nd period - Wrist shot by Nikita Kucherov.
2:31 of 2nd period - Shot Misses the Net.
2:33 of 2nd period - Snap shot by Frederik Gauthier.
2:33 of 2nd period - Stopped by Christopher Gibson without a rebound.
2:34 of 2nd period - Frederik Gauthier wins face-off versus Eric Staal in Flames zone.
3:01 of 2nd period - Connor McDavid is hit by Matthew Nieto and loses puck.
3:24 of 2nd period - Snap shot by Victor Rask.
3:24 of 2nd period - Shot Misses the Net.
4:18 of 2nd period - Snap shot by Bryan Rust.
4:18 of 2nd period - Shot Misses the Net.
5:16 of 2nd period - Wrist shot by Noel Acciari.
5:16 of 2nd period - Shot Misses the Net.
5:18 of 2nd period - Wrist shot by Christian Fischer.
5:18 of 2nd period - Shot Misses the Net.
5:20 of 2nd period - Slapshot by Brent Burns.
5:20 of 2nd period - Shot Misses the Net.
5:22 of 2nd period - Slapshot by Brett Lernout.
5:22 of 2nd period - Shot Misses the Net.
5:32 of 2nd period - Connor McDavid is hit by David Ullstrom and loses puck.
7:06 of 2nd period - Snap shot by Connor McDavid.
7:06 of 2nd period - Stopped by Christopher Gibson without a rebound.
7:07 of 2nd period - Eric Staal wins face-off versus Frederik Gauthier in Flames zone.
7:16 of 2nd period - Slapshot by Jake DeBrusk.
7:16 of 2nd period - Stopped by Alexandar Georgiev without a rebound.
7:17 of 2nd period - Eric Staal wins face-off versus Frederik Gauthier in Oilers zone.
7:32 of 2nd period - Wrist shot by Eric Staal.
7:32 of 2nd period - Stopped by Alexandar Georgiev with a rebound.
7:34 of 2nd period - Slapshot by Colby Robak.
7:34 of 2nd period - Deflect By Eric Staal.
7:34 of 2nd period - Shot Blocked by Brandon Montour.
7:34 of 2nd period - Puck is out of play.
7:35 of 2nd period - Patrik Berglund wins face-off versus Connor McDavid in Oilers zone.
8:06 of 2nd period - Leon Draisaitl is hit by Eric Staal and loses puck.
8:13 of 2nd period - Snap shot by Eric Staal.
8:13 of 2nd period - Shot Misses the Net.
8:15 of 2nd period - Wrist shot by Eric Staal.
8:15 of 2nd period - Shot Blocked by Frederik Gauthier.
8:17 of 2nd period - Slapshot by Erik Johnson.
8:17 of 2nd period - Shot Hit the Post.
8:33 of 2nd period - Slapshot by Andrew Mangiapane.
8:33 of 2nd period - Stopped by Christopher Gibson with a rebound.
8:35 of 2nd period - Wrist shot by Brandon Montour.
8:35 of 2nd period - Shot Blocked by Christian Folin.
8:37 of 2nd period - Snap shot by Andrew Mangiapane.
8:37 of 2nd period - Shot Blocked by Christian Folin.
8:57 of 2nd period - Slapshot by Esa Lindell.
8:57 of 2nd period - Stopped by Alexandar Georgiev without a rebound.
8:58 of 2nd period - Connor McDavid wins face-off versus Anders Lee in Oilers zone.
9:43 of 2nd period - Wrist shot by David Ullstrom.
9:43 of 2nd period - Stopped by Alexandar Georgiev with a rebound.
9:45 of 2nd period - Slapshot by Anders Lee.
9:45 of 2nd period - Shot Blocked by Brett Lernout.
10:15 of 2nd period - Slapshot by Evgeny Svechnikov.
10:15 of 2nd period - Stopped by Alexandar Georgiev with a rebound.
10:17 of 2nd period - Slapshot by Rasmus Andersson.
10:17 of 2nd period - Shot Misses the Net.
10:19 of 2nd period - Snap shot by Anders Lee.
10:19 of 2nd period - Shot Misses the Net.
10:21 of 2nd period - Backhand shot by David Ullstrom.
10:21 of 2nd period - Goal by David Ullstrom - Oilers : 0 - Flames : 3.
10:22 of 2nd period - Eric Staal wins face-off versus Frederik Gauthier in neutral zone.
10:27 of 2nd period - Wrist shot by Bryan Rust.
10:27 of 2nd period - Deflect By Eric Staal.
10:27 of 2nd period - Shot Misses the Net.
10:27 of 2nd period - Puck is out of play.
10:28 of 2nd period - Frederik Gauthier wins face-off versus Eric Staal in Oilers zone.
10:28 of 2nd period - Frederik Gauthier is hit by Bryan Rust.
10:38 of 2nd period - Eric Staal is hit by Nikita Kucherov and loses puck.
11:23 of 2nd period - Kevin Labanc is hit by Anton Slepyshev and loses puck.
11:43 of 2nd period - Wrist shot by Andrew Mangiapane.
11:43 of 2nd period - Deflect By Tyler Johnson.
11:43 of 2nd period - Shot Misses the Net.
11:43 of 2nd period - Puck is out of play.
11:44 of 2nd period - Tyler Johnson wins face-off versus Eric Staal in Flames zone.
12:09 of 2nd period - Jamie McBain is hit by Rasmus Andersson and loses puck.
12:16 of 2nd period - Colby Robak is hit by Andrew Mangiapane and loses puck.
12:27 of 2nd period - Wrist shot by Tyler Johnson.
12:27 of 2nd period - Stopped by Christopher Gibson without a rebound.
12:28 of 2nd period - Frederik Gauthier wins face-off versus Victor Rask in Flames zone.
13:02 of 2nd period - Slapshot by Marcus Pettersson.
13:02 of 2nd period - Shot Blocked by Esa Lindell.
13:04 of 2nd period - Snap shot by Anton Slepyshev.
13:04 of 2nd period - Stopped by Christopher Gibson with a rebound.
13:06 of 2nd period - Snap shot by Noel Acciari.
13:06 of 2nd period - Stopped by Christopher Gibson with a rebound.
13:20 of 2nd period - Connor McDavid is hit by Eric Staal and loses puck.
13:26 of 2nd period - Icing by Brandon Montour.
13:27 of 2nd period - Bryan Rust wins face-off versus Connor McDavid in Oilers zone.
13:32 of 2nd period - Slapshot by Eric Staal.
13:32 of 2nd period - Shot Misses the Net.
13:34 of 2nd period - Wrist shot by Eric Staal.
13:34 of 2nd period - Deflect By Jake DeBrusk.
13:34 of 2nd period - Stopped by Alexandar Georgiev without a rebound.
13:35 of 2nd period - Eric Staal wins face-off versus Frederik Gauthier in Oilers zone.
13:51 of 2nd period - Slapshot by Sami Vatanen.
13:51 of 2nd period - Deflect By Eric Staal.
13:51 of 2nd period - Shot Misses the Net.
13:51 of 2nd period - Puck is out of play.
13:52 of 2nd period - Patrik Berglund wins face-off versus Connor McDavid in Oilers zone.
14:19 of 2nd period - Sami Vatanen is hit by Brandon Montour and loses puck.
15:14 of 2nd period - Snap shot by David Ullstrom.
15:14 of 2nd period - Deflect By Evgeny Svechnikov.
15:14 of 2nd period - Shot Blocked by Jamie McBain.
15:14 of 2nd period - Puck is out of play.
15:15 of 2nd period - Eric Staal wins face-off versus Frederik Gauthier in Oilers zone.
15:30 of 2nd period - Slapshot by Leon Draisaitl.
15:30 of 2nd period - Shot Misses the Net.
15:32 of 2nd period - Wrist shot by Nikita Kucherov.
15:32 of 2nd period - Stopped by Christopher Gibson without a rebound.
15:33 of 2nd period - Connor McDavid wins face-off versus Patrik Berglund in Flames zone.
15:42 of 2nd period - Slapshot by Christian Folin.
15:42 of 2nd period - Deflect By Patrik Berglund.
15:42 of 2nd period - Stopped by Alexandar Georgiev with a rebound.
16:20 of 2nd period - Slapshot by Jamie McBain.
16:20 of 2nd period - Shot Blocked by Esa Lindell.
16:32 of 2nd period - Slapshot by Esa Lindell.
16:32 of 2nd period - Shot Misses the Net.
16:34 of 2nd period - Slapshot by Christian Folin.
16:34 of 2nd period - Shot Misses the Net.
16:52 of 2nd period - Backhand shot by Marcus Pettersson.
16:52 of 2nd period - Stopped by Christopher Gibson without a rebound.
16:53 of 2nd period - Eric Staal wins face-off versus Connor McDavid in Flames zone.
17:05 of 2nd period - Sami Vatanen is hit by Brent Burns.
17:09 of 2nd period - Wrist shot by Jake DeBrusk.
17:09 of 2nd period - Shot Blocked by Brett Lernout.
17:28 of 2nd period - Brett Lernout is hit by Tanner Pearson and loses puck.
18:14 of 2nd period - Wrist shot by Evgeny Svechnikov.
18:14 of 2nd period - Shot Misses the Net.
19:06 of 2nd period - Wrist shot by Patrik Berglund.
19:06 of 2nd period - Stopped by Alexandar Georgiev with a rebound.
19:16 of 2nd period - Snap shot by Matthew Nieto.
19:16 of 2nd period - Deflect By Kevin Labanc.
19:16 of 2nd period - Shot Misses the Net.
19:16 of 2nd period - Puck is out of play.
19:17 of 2nd period - Leon Draisaitl wins face-off versus Victor Rask in Oilers zone.
19:17 of 2nd period - Leon Draisaitl is hit by Matthew Nieto.
19:25 of 2nd period - Slapshot by Jamie McBain.
19:25 of 2nd period - Shot Misses the Net.
19:28 of 2nd period - Icing by Victor Rask.
19:29 of 2nd period - Frederik Gauthier wins face-off versus Victor Rask in Flames zone.
19:36 of 2nd period - Snap shot by Leon Draisaitl.
19:36 of 2nd period - Stopped by Christopher Gibson without a rebound.
19:37 of 2nd period - Leon Draisaitl wins face-off versus Eric Staal in Flames zone.
19:40 of 2nd period - Wrist shot by Nikita Kucherov.
19:40 of 2nd period - Shot Misses the Net.
19:50 of 2nd period - Leon Draisaitl is hit by Sami Vatanen and loses puck.
Goals for this period are 0 for Oilers vs 1 for Flames.
Shots for this period are 9 for Oilers vs 12 for Flames.
3rd period
0:01 of 3rd period - Eric Staal wins face-off versus Connor McDavid in neutral zone.
0:07 of 3rd period - Minor Penalty to David Pastrnak for Holding Stick.
0:08 of 3rd period - Eric Staal wins face-off versus Tyler Johnson in Oilers zone.
1:43 of 3rd period - Frederik Gauthier is hit by Jimmy Hayes and loses puck.
1:58 of 3rd period - Connor McDavid is hit by Erik Johnson.
2:07 of 3rd period - Penalty to David Pastrnak is over, David Pastrnak is back on ice.
2:39 of 3rd period - Wrist shot by Evgeny Svechnikov.
2:39 of 3rd period - Shot Blocked by Noel Acciari.
3:07 of 3rd period - Wrist shot by Connor McDavid.
3:07 of 3rd period - Stopped by Christopher Gibson without a rebound.
3:08 of 3rd period - Connor McDavid wins face-off versus Victor Rask in Flames zone.
3:09 of 3rd period - Wrist shot by David Pastrnak.
3:09 of 3rd period - Shot Misses the Net.
3:11 of 3rd period - Slapshot by Brandon Montour.
3:11 of 3rd period - Stopped by Christopher Gibson with a rebound.
3:22 of 3rd period - Off-side.
3:23 of 3rd period - Frederik Gauthier wins face-off versus Eric Staal in neutral zone.
3:50 of 3rd period - Brent Burns is hit by Erik Johnson and loses puck.
4:34 of 3rd period - Icing by Frederik Gauthier.
4:35 of 3rd period - Frederik Gauthier wins face-off versus Anders Lee in Oilers zone.
5:24 of 3rd period - Snap shot by Tyler Johnson.
5:24 of 3rd period - Deflect By Jason Robertson.
5:24 of 3rd period - Shot Misses the Net.
5:24 of 3rd period - Puck is out of play.
5:25 of 3rd period - Patrik Berglund wins face-off versus Tyler Johnson in Flames zone.
5:44 of 3rd period - Snap shot by Tyler Johnson.
5:44 of 3rd period - Shot Blocked by Tanner Pearson.
5:46 of 3rd period - Snap shot by Tyler Johnson.
5:46 of 3rd period - Goal by Tyler Johnson - Oilers : 1 - Flames : 3.
5:47 of 3rd period - Frederik Gauthier wins face-off versus Eric Staal in neutral zone.
6:16 of 3rd period - Icing by Brandon Montour.
6:17 of 3rd period - Jamie Benn wins face-off versus Patrik Berglund in Oilers zone.
6:22 of 3rd period - Slapshot by Jamie McBain.
6:22 of 3rd period - Deflect By Jamie Benn.
6:22 of 3rd period - Shot Misses the Net.
6:22 of 3rd period - Puck is out of play.
6:23 of 3rd period - Frederik Gauthier wins face-off versus Eric Staal in Flames zone.
7:21 of 3rd period - Snap shot by Tyler Johnson.
7:21 of 3rd period - Stopped by Christopher Gibson without a rebound.
7:22 of 3rd period - Victor Rask wins face-off versus Tyler Johnson in Flames zone.
7:49 of 3rd period - Victor Rask is hit by Tyler Johnson and loses puck.
7:54 of 3rd period - Slapshot by Tyler Johnson.
7:54 of 3rd period - Stopped by Christopher Gibson without a rebound.
7:55 of 3rd period - Frederik Gauthier wins face-off versus Eric Staal in Flames zone.
7:58 of 3rd period - Wrist shot by Nikita Kucherov.
7:58 of 3rd period - Stopped by Christopher Gibson with a rebound.
8:00 of 3rd period - Snap shot by Nikita Kucherov.
8:00 of 3rd period - Stopped by Christopher Gibson without a rebound.
8:01 of 3rd period - Eric Staal wins face-off versus Frederik Gauthier in Flames zone.
8:03 of 3rd period - Icing by Erik Johnson.
8:04 of 3rd period - Frederik Gauthier wins face-off versus Eric Staal in Flames zone.
8:23 of 3rd period - Wrist shot by Nikita Kucherov.
8:23 of 3rd period - Shot Blocked by Jake DeBrusk.
8:41 of 3rd period - Snap shot by Eric Staal.
8:41 of 3rd period - Stopped by Alexandar Georgiev with a rebound.
9:11 of 3rd period - Off-side.
9:12 of 3rd period - Patrik Berglund wins face-off versus Connor McDavid in neutral zone.
10:03 of 3rd period - Rasmus Andersson is hit by Anton Slepyshev and loses puck.
10:57 of 3rd period - Icing by Jason Robertson.
10:58 of 3rd period - Jason Robertson wins face-off versus Patrik Berglund in Oilers zone.
11:31 of 3rd period - Slapshot by Esa Lindell.
11:31 of 3rd period - Deflect By Jimmy Hayes.
11:31 of 3rd period - Stopped by Alexandar Georgiev with a rebound.
11:42 of 3rd period - Off-side.
11:43 of 3rd period - Connor McDavid wins face-off versus Eric Staal in neutral zone.
11:52 of 3rd period - Snap shot by David Pastrnak.
11:52 of 3rd period - Stopped by Christopher Gibson without a rebound.
11:53 of 3rd period - Eric Staal wins face-off versus Connor McDavid in Flames zone.
11:58 of 3rd period - Slapshot by Connor McDavid.
11:58 of 3rd period - Stopped by Christopher Gibson with a rebound.
12:00 of 3rd period - Wrist shot by Jamie Benn.
12:00 of 3rd period - Deflect By Connor McDavid.
12:00 of 3rd period - Stopped by Christopher Gibson with a rebound.
12:02 of 3rd period - Wrist shot by David Pastrnak.
12:02 of 3rd period - Deflect By Sami Vatanen.
12:02 of 3rd period - Stopped by Christopher Gibson without a rebound.
12:03 of 3rd period - Frederik Gauthier wins face-off versus Eric Staal in Flames zone.
12:10 of 3rd period - Snap shot by Leon Draisaitl.
12:10 of 3rd period - Stopped by Christopher Gibson without a rebound.
12:11 of 3rd period - Eric Staal wins face-off versus Frederik Gauthier in Flames zone.
12:11 of 3rd period - Eric Staal is hit by Leon Draisaitl.
12:21 of 3rd period - Marcus Pettersson is hit by Bryan Rust and loses puck.
12:32 of 3rd period - Wrist shot by Eric Staal.
12:32 of 3rd period - Shot Misses the Net.
12:37 of 3rd period - Minor Penalty to Leon Draisaitl for Tripping.
12:38 of 3rd period - Eric Staal wins face-off versus Tyler Johnson in Oilers zone.
13:11 of 3rd period - Brandon Montour is hit by Bryan Rust.
14:17 of 3rd period - Wrist shot by Jake DeBrusk.
14:17 of 3rd period - Stopped by Alexandar Georgiev without a rebound.
14:18 of 3rd period - Patrik Berglund wins face-off versus Connor McDavid in Oilers zone.
14:19 of 3rd period - Wrist shot by Esa Lindell.
14:19 of 3rd period - Deflect By Patrik Berglund.
14:19 of 3rd period - Shot Blocked by Connor McDavid.
14:19 of 3rd period - Puck is out of play.
14:20 of 3rd period - Jamie Benn wins face-off versus Patrik Berglund in Oilers zone.
14:37 of 3rd period - Penalty to Leon Draisaitl is over, Leon Draisaitl is back on ice.
14:54 of 3rd period - Snap shot by Kevin Labanc.
14:54 of 3rd period - Stopped by Alexandar Georgiev with a rebound.
14:56 of 3rd period - Slapshot by Esa Lindell.
14:56 of 3rd period - Deflect By Jamie Benn.
14:56 of 3rd period - Stopped by Alexandar Georgiev with a rebound.
14:58 of 3rd period - Slapshot by Rasmus Andersson.
14:58 of 3rd period - Shot Blocked by Brett Lernout.
15:00 of 3rd period - Snap shot by Kevin Labanc.
15:00 of 3rd period - Shot Hit the Post.
16:20 of 3rd period - Off-side.
16:21 of 3rd period - Patrik Berglund wins face-off versus Tyler Johnson in neutral zone.
16:52 of 3rd period - Wrist shot by Nikita Kucherov.
16:52 of 3rd period - Stopped by Christopher Gibson with a rebound.
16:54 of 3rd period - Wrist shot by Jamie McBain.
16:54 of 3rd period - Stopped by Christopher Gibson without a rebound.
16:55 of 3rd period - Tyler Johnson wins face-off versus Eric Staal in Flames zone.
17:12 of 3rd period - Snap shot by Bryan Rust.
17:12 of 3rd period - Goal by Bryan Rust - Oilers : 1 - Flames : 4.
17:13 of 3rd period - Connor McDavid wins face-off versus Eric Staal in neutral zone.
17:40 of 3rd period - Erik Johnson is hit by Frederik Gauthier and loses puck.
18:03 of 3rd period - Snap shot by Kevin Labanc.
18:03 of 3rd period - Shot Misses the Net.
18:58 of 3rd period - Victor Rask is hit by Nikita Kucherov and loses puck.
19:15 of 3rd period - Snap shot by Jake DeBrusk.
19:15 of 3rd period - Deflect By Eric Staal.
19:15 of 3rd period - Deflect By Anton Slepyshev.
19:15 of 3rd period - Shot Misses the Net.
19:15 of 3rd period - Puck is out of play.
19:16 of 3rd period - Connor McDavid wins face-off versus Eric Staal in Oilers zone.
19:27 of 3rd period - Snap shot by Connor McDavid.
19:27 of 3rd period - Shot Misses the Net.
19:29 of 3rd period - Slapshot by Jamie Benn.
19:29 of 3rd period - Stopped by Christopher Gibson without a rebound.
19:30 of 3rd period - Eric Staal wins face-off versus Frederik Gauthier in Flames zone.
19:37 of 3rd period - Snap shot by Leon Draisaitl.
19:37 of 3rd period - Shot Blocked by Eric Staal.
19:39 of 3rd period - Slapshot by Leon Draisaitl.
19:39 of 3rd period - Shot Misses the Net.
19:41 of 3rd period - Wrist shot by Leon Draisaitl.
19:41 of 3rd period - Shot Blocked by Sami Vatanen.
Goals for this period are 1 for Oilers vs 1 for Flames.
Shots for this period are 15 for Oilers vs 6 for Flames.